 Dungeon Crawl Stone Soup version 0.25.0-9-g26727b657a (webtiles) character file.

Game seed: 2664027864350599869

133 mopl the Stinger (level 5, -2/35 HPs)
             Began as a Merfolk Venom Mage on June 16, 2020.
             Slain by a bullfrog zombie (6 damage)
             ... on level 3 of the Dungeon.
             The game lasted 00:04:04 (2121 turns).

mopl the Stinger (Merfolk Venom Mage)               Turns: 2121, Time: 00:04:04

Health: -2/35      AC:  3    Str:  8    XL:     5   Next: 16%
Magic:  9/9        EV: 13    Int: 15    God:
Gold:   45         SH:  0    Dex: 15    Spells: 0/9 levels left

rFire    . . .     SeeInvis .   a - +0 spear
rCold    . . .     Gourm    .   (no shield)
rNeg     . . .     Faith    .   q - +0 robe
rPois    .         Spirit   .   r - +0 helmet
rElec    .         Reflect  .   (no cloak)
rCorr    .         Harm     .   (no gloves)
MR       .....                  (no boots)
Stlth    ++........             (no amulet)
HPRegen  0.11/turn              (no ring)
MPRegen  0.11/turn              (no ring)

@: no status effects
A: change form in water, swift swim, stealthy swim
a: no special abilities


You were on level 3 of the Dungeon.
You were not hungry.

You visited 1 branch of the dungeon, and saw 3 of its levels.

You collected 45 gold pieces.

Inventory:

Hand Weapons
 a - a +0 spear (weapon)
Missiles
 b - 7 javelins
 l - a throwing net
 m - 5 atropa-tipped darts
 p - 13 poisoned darts (quivered)
Armour
 q - a +0 robe (worn)
 r - a +0 helmet (worn)
Jewellery
 o - an uncursed ring of ice
Scrolls
 f - 2 scrolls of identify {unknown}
 h - a scroll of enchant weapon {unknown}
 i - 2 scrolls of remove curse {unknown}
 j - a scroll of teleportation {unknown}
 k - a scroll of amnesia {unknown}
 s - a scroll of blinking {unknown}
 t - a scroll of noise {unknown}
Potions
 d - 2 potions of curing {unknown}
 e - a potion of heal wounds {unknown}
 g - a potion of resistance {unknown}
Comestibles
 c - 5 rations
 n - 2 chunks of flesh


   Skills:
 - Level 2.6 Dodging
 - Level 2.1 Stealth
 + Level 2.7 Spellcasting
 + Level 0.0 Conjurations
 + Level 2.8 Transmutations
 + Level 0.8 Fire Magic
 + Level 1.2 Air Magic
 * Level 4.6 Poison Magic


You couldn't memorise any spells.
You knew the following spells:

 Your Spells              Type           Power        Failure   Level  Hunger
a - Sting                 Tmut/Pois      ##..         4%          1    #......
b - Poisonous Vapours     Pois/Air       ##....       10%         2    ##.....
d - Mephitic Cloud        Conj/Pois/Air  #.......     28%         3    ###....
g - Ignite Poison         Fire/Tmut/Pois ##......     21%         3    ###....

Your spell library contained the following spells:

 Spells                   Type           Power        Failure   Level  Hunger
 Olgreb's Toxic Radiance  Pois           ###.....     30%         4    #####..


Dungeon Overview and Level Annotations

Branches:
Dungeon (3/15)

Altars:
Dithmenos
Hepliaklqana


Message History

You are too injured to fight recklessly!
You are too injured to fight recklessly!
You are too injured to fight recklessly!
You are too injured to fight recklessly!
You are too injured to fight recklessly!
You are too injured to fight recklessly!
You are too injured to fight recklessly!
You are too injured to fight recklessly!
You are too injured to fight recklessly!
You are too injured to fight recklessly!
You hit the bullfrog zombie.
The bullfrog zombie is severely damaged.
The bullfrog zombie hits you.
* * * LOW HITPOINT WARNING * * *
You hit the bullfrog zombie.
The bullfrog zombie is severely damaged.
The bullfrog zombie hits you.
* * * LOW HITPOINT WARNING * * *
The bullfrog zombie hits you.
You die...

## .. ## #.#
#####
..##.###...#
#........#@#
.##.#...#.Z..#
##....#####....#
#####.......#
>.#.#
.........##.#
..?$. ######.##
... ##.# ### #.#
### .# ..# #.# #
#.# ##'## <#


You could see a bullfrog zombie.

Vanquished Creatures
  5 adders (D:2)
  4 gnolls (D:2)
  An ooze (D:3)
  2 dart slugs
  2 leopard geckos (D:2)
  A giant cockroach (D:3)
  4 goblins
  5 hobgoblins
  3 jackals (D:2)
  7 bats
  3 frilled lizards
  2 kobolds
  8 rats
47 creatures vanquished.

Notes
Turn   | Place    | Note
-------+----------+-------------------------------------------
     0 | D:1      | mopl the Merfolk Venom Mage began the quest for the Orb.
     0 | D:1      | Reached XP level 1. HP: 13/13 MP: 3/3
   213 | D:1      | Reached XP level 2. HP: 19/19 MP: 3/5
   247 | D:1      | Learned a level 2 spell: Poisonous Vapours
   840 | D:2      | Found a hazy altar of Hepliaklqana.
   841 | D:2      | Found a shadowy altar of Dithmenos.
   843 | D:2      | Noticed a shadow
   935 | D:2      | Reached skill level 4 in Poison Magic
   935 | D:2      | Reached XP level 3. HP: 12/24 MP: 0/6
  1130 | D:2      | Learned a level 3 spell: Ignite Poison
  1364 | D:2      | Reached XP level 4. HP: 30/30 MP: 4/7
  1552 | D:2      | Reached skill level 1 in Air Magic
  1835 | D:2      | Reached XP level 5. HP: 34/35 MP: 1/9
  1844 | D:2      | Learned a level 3 spell: Mephitic Cloud
  2121 | D:3      | Slain by a bullfrog zombie

Illustrated notes

Levels and vault maps discovered:
D:1:      onia_arrival_pyramid, layout_basic, minivault_19
D:2:      layout_basic, riverfiend_overflow_shadow_ancestor, hex_large
D:3:      layout_loops_corners

Skill      XL: |  1  2  3  4 |
---------------+-------------+-----
Transmutations | 2 |  2.8
Poison Magic   | 4 |  4.6
Air Magic      | 1 |  1.2
Dodging        | |  2.6
Stealth        | |  2.1
Spellcasting   | |  2.7
Fire Magic     | |  0.8

Action                   |  1- 3 |  4- 6 || total
-------------------------+-------+-------++-------
Melee: Unarmed           |     7 |       ||     7
       Spear             |       |    36 ||    36
Throw: Javelin           |       |     2 ||     2
 Cast: Sting             |    45 |    29 ||    74
       Poisonous Vapours |       |     1 ||     1
 Stab: Sleeping          |       |     1 ||     1
  Eat: Chunk             |     2 |     3 ||     5
Armor: Robe              |     8 |    10 ||    18
Dodge: Dodged            |    37 |    35 ||    72
